 Dungeon Crawl Stone Soup version 0.19.1 (console) character file.

10427 Kloppie the Impaler (level 11, -2/129 HPs)
             Began as a Merfolk Berserker on Nov 26, 2016.
             Was a High Priest of Trog.
             Slain by an orc
             ... wielding a +0 morningstar
              (7 damage)
             ... on level 10 of the Dungeon.
             The game lasted 00:15:10 (8958 turns).

Kloppie the Impaler (Merfolk Berserker)             Turns: 8958, Time: 00:15:11

Health: -2/129     AC: 11    Str: 23    XL:     11   Next: 61%
Magic:  11/11      EV: 18    Int:  6    God:    Trog [*****.]
Gold:   218        SH:  0    Dex: 17    Spells: 0 memorised, 10 levels left

rFire  . . .     SeeInvis .     a - +4 glaive (flame)
rCold  + . .     Gourm    .     p - +0 ring mail
rNeg   . . .     Faith    .     (shield currently unavailable)
rPois  +         Spirit   .     O - +0 helmet
rElec  .         Reflect  .     m - +1 cloak
rCorr  .         Harm     .     o - +1 pair of gloves
MR     ++...                    K - +0 pair of boots
Stlth  ..........               (no amulet)
                                y - ring of poison resistance
                                f - ring of protection from cold

@: berserking, regenerating, very quick
A: change form in water, swift swim, stealthy swim
a: Berserk, Trog's Hand, Brothers in Arms, Burn Spellbooks, Renounce Religion


You were on level 10 of the Dungeon.
You worshipped Trog.
Trog was extremely pleased with you.
You were near starving.

You visited 2 branches of the dungeon, and saw 11 of its levels.

You collected 689 gold pieces.
You spent 471 gold pieces at shops.

Inventory:

Hand Weapons
 a - a +4 glaive of flaming (weapon)
 h - a +2 trident
Armour
 m - a +1 cloak (worn)
 o - a +1 pair of gloves (worn)
 p - a +0 ring mail (worn)
 K - a +0 pair of boots (worn)
 O - a +0 helmet (worn)
Jewellery
 f - a ring of protection from cold (left hand)
 g - an uncursed ring of see invisible
 y - a ring of poison resistance (right hand)
Wands
 s - a wand of confusion (7/48)
 t - a wand of disintegration (13/24)
 v - a wand of polymorph (11/24)
 H - a wand of iceblast (9/15)
 J - a wand of random effects (7/48)
Scrolls
 b - 3 scrolls of magic mapping
 k - 3 scrolls of remove curse
 n - 5 scrolls of teleportation
 x - a scroll of enchant armour
 A - 3 scrolls of noise
 G - a scroll of fog
 L - a scroll of enchant weapon
 N - a scroll of identify
Potions
 d - a potion of cancellation
 e - 5 potions of might
 i - 6 potions of lignification
 j - 2 potions of haste
 l - 4 potions of curing
 r - a potion of heal wounds
 w - a potion of invisibility
 z - 4 potions of mutation
 B - 2 potions of brilliance
 E - a potion of berserk rage {unknown}
 F - a potion of agility {unknown}
Comestibles
 c - 6 bread rations
 q - 6 beef jerkies
 C - 2 royal jellies
 D - 4 chunks of flesh
 I - a slice of pizza
 M - a meat ration


   Skills:
 - Level 7.9 Fighting
 * Level 19.4 Polearms
 - Level 1.3 Armour
 + Level 10.5 Dodging


You had 10 spell levels left.
You didn't know any spells.

Dungeon Overview and Level Annotations

Branches:
Dungeon (10/15)            Temple (0/1) D:7            Lair (0/6) D:9
    Orc (1/2) D:10

Altars:
Ashenzari
Dithmenos
Fedhas
Qazlal
Sif Muna
Trog
Xom
Yredelemnul
The Shining One

Shops:
D:6 (   D:7 =


Message History

The warg bites you.
* * * LOW HITPOINT WARNING * * *
The orc closely misses you. The orc misses you.
The orc warrior hits you from afar with a trident!
* * * LOW HITPOINT WARNING * * *
The warg closely misses you.
You climb upwards.
Welcome back to the Dungeon!
There is a staircase to the Orcish Mines here.
Your skin crawls.
You feel resistant to hostile enchantments.
You feel somewhat more hungry.
The orc warrior hits you with a battleaxe!!
* * * LOW HITPOINT WARNING * * *
The orc completely misses you. The orc misses you.
The warg bites you but does no damage.
A red film seems to cover your vision as you go berserk!
You feel yourself moving faster!
You feel mighty!
You are near starving!
The warg misses you. The orc hits you with a morningstar!
You die...

##.........#
##<........#
#.........#
#.........#
#####'##### #.#
####### #.## #8...8#
#..# #..h..# ##.#
#.o@o.#
#######'######...o.#
#............#8..)8#
#......>.....###)#####
#..............).....#
#............#######.#
'..............####..#
#..........[........##
#####################


You could see a warg, an orc warrior and 2 orcs.

Vanquished Creatures
  Gastronok (D:9)
  Erolcha (D:9)
  An unseen horror (D:7)
  A cyclops (D:7)
  The ghost of Satyr the Sneak, a novice OpVM of Dithmenos (D:7)
  A komodo dragon (D:9)
  The ghost of AAAAA the Slasher, an amateur DgWn (D:5)
  A troll (D:10)
  A hornet (D:8)
  Sigmund (D:3)
  A wyvern (D:10)
  Grum (D:9)
  A steam dragon (D:10)
  2 hungry ghosts (D:10)
  Menkaure (D:5)
  2 ice beasts (D:9)
  A black bear (D:10)
  6 orc warriors
  4 phantoms
  An eye of draining (D:9)
  7 ogres
  2 sky beasts
  3 wolves (D:9)
  2 centaurs
  A crocodile (D:9)
  4 big kobolds
  2 gnoll sergeants (D:10)
  A wyvern skeleton (D:10)
  3 scorpions
  3 killer bees (D:7)
  4 wights (D:7)
  3 howler monkeys
  5 crimson imps
  2 bullfrog zombies
  4 orc priests
  2 centaur skeletons
  4 hounds
  A bullfrog skeleton (D:6)
  2 iguanas
  8 orc wizards
  5 worker ants
  A hound skeleton (D:8)
  A howler monkey zombie (D:5)
  16 gnolls
  6 adders
  6 shadow imps
  An ooze (D:6)
  2 adder skeletons
  2 dart slugs
  5 leopard geckos
  31 orcs
  A ball python (D:1)
  9 bats
  10 giant cockroaches
  6 goblins
  11 hobgoblins
  18 jackals
  5 quokkas
  8 frilled lizards
  5 kobolds
  A leopard gecko zombie (D:6)
  2 quokka skeletons (D:7)
  6 rats
  A plant (D:9)
252 creatures vanquished.

Vanquished Creatures (others)
  An adder skeleton (D:10)
1 creature vanquished.

Grand Total: 253 creatures vanquished

Notes
Turn   | Place    | Note
-------+----------+-------------------------------------------
     0 | D:1      | Kloppie the Merfolk Berserker began the quest for the Orb.
     0 | D:1      | Reached XP level 1. HP: 18/18 MP: 1/1
   109 | D:1      | Reached skill level 5 in Polearms
   109 | D:1      | Reached XP level 2. HP: 15/24 MP: 2/2
   528 | D:1      | Reached XP level 3. HP: 30/30 MP: 3/3
   756 | D:2      | Reached ** piety under Trog
   972 | D:2      | Found a shattered altar of Ashenzari.
  1113 | D:2      | Reached skill level 6 in Polearms
  1113 | D:2      | Reached XP level 4. HP: 37/37 MP: 4/4
  1829 | D:3      | Noticed Sigmund
  1839 | D:3      | Killed Sigmund
  1839 | D:3      | Reached skill level 8 in Polearms
  1839 | D:3      | Reached XP level 5. HP: 39/43 MP: 5/5
  1839 | D:3      | Reached XP level 6. HP: 45/50 MP: 6/6
  2087 | D:3      | Reached *** piety under Trog
  2235 | D:4      | Reached skill level 5 in Fighting
  2520 | D:4      | Noticed a phantom
  2530 | D:4      | Killed a phantom
  2530 | D:4      | Reached skill level 9 in Polearms
  2539 | D:4      | Reached XP level 7. HP: 44/56 MP: 7/7
  2641 | D:4      | Found a basalt altar of Yredelemnul.
  2687 | D:4      | Found a bloodstained altar of Trog.
  2992 | D:4      | Found a bloodstained altar of Trog.
  3089 | D:5      | Entered Level 5 of the Dungeon
  3111 | D:5      | Found a shimmering altar of Xom.
  3112 | D:5      | Found a shimmering altar of Xom.
  3113 | D:5      | Found a shimmering altar of Xom.
  3134 | D:5      | Reached skill level 10 in Polearms
  3148 | D:5      | Found a shimmering altar of Xom.
  3318 | D:5      | Found a shimmering altar of Xom.
  3401 | D:5      | Reached skill level 11 in Polearms
  3401 | D:5      | Reached XP level 8. HP: 45/65 MP: 8/8
  3441 | D:5      | Noticed Menkaure
  3445 | D:5      | Killed Menkaure
  3642 | D:5      | Noticed AAAAA's ghost (amateur DgWn)
  3669 | D:5      | Killed AAAAA's ghost
  3669 | D:5      | Reached skill level 12 in Polearms
  3830 | D:5      | Found a stormy altar of Qazlal.
  3930 | D:5      | Reached **** piety under Trog
  4485 | D:6      | Reached skill level 13 in Polearms
  4636 | D:6      | Reached XP level 9. HP: 72/73 MP: 9/9
  4773 | D:6      | Found Foej's Weapon Shoppe.
  5032 | D:6      | Found a glowing golden altar of the Shining One.
  5177 | D:7      | Reached skill level 14 in Polearms
  5263 | D:7      | Found Neugemur's Jewellery Shoppe.
  5269 | D:7      | Bought a cursed ring of teleportation for 67 gold pieces
  5280 | D:7      | Noticed a cyclops
  5301 | D:7      | Killed a cyclops
  5577 | D:7      | Reached skill level 15 in Polearms
  5577 | D:7      | Reached skill level 5 in Dodging
  5772 | D:7      | Noticed Satyr's ghost (novice OpVM)
  5782 | D:7      | Killed Satyr's ghost
  5825 | D:7      | Found a staircase to the Ecumenical Temple.
  5866 | D:7      | Reached XP level 10. HP: 56/80 MP: 10/10
  6153 | D:7      | Reached ***** piety under Trog
  6635 | D:8      | Reached skill level 16 in Polearms
  7005 | D:8      | Found a blossoming altar of Fedhas.
  7185 | D:8      | Found a shadowy altar of Dithmenos.
  7427 | D:7      | Noticed an unseen horror
  7436 | D:7      | Killed an unseen horror
  7475 | D:6      | Bought a +4 glaive of flaming for 404 gold pieces
  7534 | D:9      | Noticed Gastronok
  7547 | D:9      | Killed Gastronok
  7547 | D:9      | Reached skill level 17 in Polearms
  7742 | D:9      | Found a staircase to the Lair.
  7755 | D:9      | Reached skill level 18 in Polearms
  7755 | D:9      | Reached XP level 11. HP: 86/86 MP: 11/11
  7886 | D:9      | Found a deep blue altar of Sif Muna.
  7973 | D:9      | Noticed Grum
  7986 | D:9      | Killed Grum
  8161 | D:9      | Noticed Erolcha
  8169 | D:9      | Killed Erolcha
  8351 | D:10     | Entered Level 10 of the Dungeon
  8455 | D:10     | Found a staircase to the Orcish Mines.
  8476 | D:10     | Reached skill level 10 in Dodging
  8504 | D:10     | Reached skill level 19 in Polearms
  8943 | Orc:1    | Entered Level 1 of the Orcish Mines
  8953 | Orc:1    | Noticed an orc knight
  8957 | D:10     | HP: 2/86 [orc warrior/battleaxe (31)]
  8958 | D:10     | Slain by an orc

Skill      XL: |  1  2  3  4  5  6  7  8  9 10 11 |
---------------+----------------------------------+-----
Polearms       | 5 6 8 9 11 13 15 18 19 | 19.4
Fighting       | 4 5 6 7 |  7.9
Dodging        | 6 9 10 | 10.5
Armour         | |  1.3

Action                   |  1- 3 |  4- 6 |  7- 9 | 10-12 || total
-------------------------+-------+-------+-------+-------++-------
Melee: Spear             |   149 |    96 |       |       ||   245
       Trident           |       |    43 |   404 |    98 ||   545
       Glaive            |       |       |       |   200 ||   200
Invok: Berserk           |     1 |     2 |    10 |     4 ||    17
       Trog's Hand       |       |       |       |     2 ||     2
  Use: Scroll            |       |       |    17 |     3 ||    20
 Stab: Sleeping          |     4 |       |       |       ||     4
       Distracted        |       |       |     1 |       ||     1
  Eat: Chunk             |     1 |     6 |    17 |    13 ||    37
       Pizza             |       |       |     1 |       ||     1
       Meat ration       |       |       |       |     1 ||     1
Armor: Animal skin       |     9 |       |       |       ||     9
       Ring mail         |    16 |    32 |    59 |    43 ||   150
Dodge: Dodged            |    66 |    50 |   113 |   140 ||   369
